 Dungeon Crawl Stone Soup version 0.30-a0-585-g93115170b9 (webtiles) character file.

Game seed: 11678146482781720693

7 HyperVT the Shooter (level 2, 0/22 HPs)
             Began as a Human Hunter on Jan 2, 2023.
             Slain by a goblin
             ... wielding a +0 club
             ... led by Robin
              (6 damage)
             ... on level 2 of the Dungeon.
             The game lasted 00:00:43 (102 turns).

HyperVT the Shooter (Human Hunter)                   Turns: 102, Time: 00:00:44

Health: 0/22       AC:  3    Str: 11    XL:     2   Next: 5%
Magic:  2/2        EV: 12    Int:  9    God:
Gold:   0          SH:  0    Dex: 16    Spells: 1/1 levels left

rFire   . . .      SeeInvis .    a - +0 shortbow
rCold   . . .      Faith    .    (shield currently unavailable)
rNeg    . . .      Spirit   .    c - +0 leather armour
rPois   .          Reflect  .    (no helmet)
rElec   .          Harm     .    (no cloak)
rCorr   .          Rampage  .    (no gloves)
Will    .....                    (no boots)
Stlth   +                        (no amulet)
HPRegen 0.23/turn                (no ring)
MPRegen 0.08/turn                (no ring)

@: very slow
A: no striking features
a: no special abilities


You were on level 2 of the Dungeon.
You visited 1 branch of the dungeon, and saw 2 of its levels.

Inventory:

Hand Weapons
 a - a +0 shortbow (weapon)
Armour
 c - a +0 leather armour (worn)
Scrolls
 b - a scroll of immolation
 d - a scroll of poison {unknown}


   Skills:
 + Level 2.0 Fighting
 + Level 4.3 Ranged Weapons
 + Level 2.1 Dodging
 + Level 1.0 Stealth


You had one spell level left.
You didn't know any spells.
Your spell library was empty.

Dungeon Overview and Level Annotations

Branches:
Dungeon (1/15)

Altars:

Annotations:
D:2 Robin


Message History

You shoot an arrow. The arrow hits the hobgoblin!
You kill the hobgoblin!
You hear a shout!
Robin of the Strong Arm comes into view.
They are wielding a +0 mace.
A goblin comes into view. It is wielding a +0 dagger.
You shoot an arrow. The arrow hits the goblin!
You kill the goblin!
The goblin shoots a sling bullet.
The sling bullet closely misses you.
You hear a shout!
You shoot an arrow. The arrow barely misses the goblin.
The arrow closely misses the goblin.
You shoot an arrow. The arrow closely misses the goblin.
The arrow hits the goblin!
You kill the goblin!
A goblin comes into view. It is wielding a +0 club.
You shoot an arrow. The arrow barely misses the goblin.
A hobgoblin comes into view.
The goblin hits you with a +0 dagger.
The hobgoblin moves out of view.
You shoot an arrow. The arrow closely misses the goblin.
The goblin hits you with a +0 dagger.
Robin roars a battlecry!
The goblins go into a battle-frenzy!
You shoot an arrow. The arrow hits the goblin!
You kill the goblin!
A goblin comes into view. It is wielding a +0 dagger.
You have reached level 2!
You shoot an arrow. The arrow closely misses the goblin.
The arrow completely misses Robin.
Robin roars a battlecry!
The goblin goes into a battle-frenzy!
A hobgoblin comes into view.
You shoot an arrow. The arrow barely misses the goblin.
The goblin hits you but does no damage. The goblin barely misses you.
You shoot an arrow. The arrow barely misses the goblin.
The goblin hits you with a +0 club. The goblin hits you with a +0 dagger.
* * * LOW HITPOINT WARNING * * *
Robin roars a battlecry!
The goblins go into a battle-frenzy!
The goblin hits you with a +0 club.
You die...

#.# #.# ## ### #.#
.....# #.# .#.#.# #.#
..... #####.####
.#.#.#
#........########≈≈≈..
#.######....~~≈~g≈#.#
#.# ###~~≈≈..@gg.# #.#
#~~~######gg# #.#
##≈## g)g. ..# ###
#g.. ### .[ .


You could see Robin, 2 hobgoblins and 5 goblins.

Vanquished Creatures
  A bat (D:2)
  3 goblins (D:2)
  A hobgoblin (D:2)
5 creatures vanquished.

Notes
Turn   | Place    | Note
-------+----------+-------------------------------------------
     0 | D:1      | HyperVT the Human Hunter began the quest for the Orb.
     0 | D:1      | Reached XP level 1. HP: 16/16 MP: 1/1
    40 | D:1      | You fall into a shaft and drop 1 floor!
    93 | D:2      | Noticed Robin
   100 | D:2      | Reached XP level 2. HP: 14/22 MP: 2/2
   102 | D:2      | Slain by a goblin

Illustrated notes

Levels and vault maps discovered:
D:1:      dpeg_arrival_fog, layout_loops_cross
D:2:      layout_loops_ring, ebering_ecumenical_altar_webs,
          chequers_serial_rivers_small_a, roderic_st_hans_cross,
          roderic_roman_lattice, uniq_robin

Action                   || total
-------------------------++-------
 Fire: Shortbow          ||    15
Armor: Leather armour    ||     2
Dodge: Dodged            ||     3

Table legend: (Time is in decaauts)
 A = Elapsed time spent in this place.
 B = Non-inter-level travel time spent in this place.
 C = Inter-level travel time spent in this place.
 D = Time resting spent in this place.
 E = Time spent auto-exploring this place.
 F = Levels seen in this place.
 G = Mean time per level.
                   A        B        C        D        E       F      G
               +--------+--------+--------+--------+--------+-----+--------+
         Total |    108 |    108 |      0 |      0 |     81 |   2 |   54.0 |
       Dungeon |    108 |    108 |      0 |      0 |     81 |   2 |   54.0 |
               +--------+--------+--------+--------+--------+-----+--------+

Top non-repeatable levels by time:
     D:2: 68 daAuts
     D:1: 40 daAuts
